 Dungeon Crawl Stone Soup version 0.16-a0-3389-g45633df (webtiles) character file.

10798 Grim the Covert (level 11, -5/50 (58) HPs)
             Began as a Spriggan Enchanter on Dec 30, 2014.
             Was a High Priest of Dithmenos.
             Slain by an orc warrior
             ... wielding a +0 long sword of slicing
              (6 damage)
             ... on level 10 of the Dungeon.
             The game lasted 00:52:23 (15770 turns).

Grim the Covert (Spriggan Enchanter)               Turns: 15770, Time: 00:52:23

HP:   -5/50 (58)    AC:  3    Str:  4    XL:     11   Next: 40%
MP:   26/28         EV: 29    Int: 19    God:    Dithmenos [*****.]
Gold: 546           SH:  0    Dex: 18    Spells: 5 memorised, 8 levels left

rFire  . . .     SeeInvis +     o - +4 dagger (venom)
rCold  . . .     Clarity  .     D - -1 robe (curse)
rNeg   . . .     SustAb   .     (shield restricted)
rPois  .         Gourm    .     b - +1 hat
rElec  .         Spirit   .     L - +0 cloak
rCorr  .         Warding  .     (gloves unavailable)
rMut   .         Stasis   .     (boots unavailable)
MR     +....                    t - amulet of faith
Stlth  +++++++++.               g - ring of teleport control
                                (no ring)

@: lethally poisoned, wreathed by umbra, very quick, somewhat resistant to
hostile enchantments, incredibly stealthy
A: unfitting armour, see invisible, herbivore 3, speed 3, slow metabolism 2
a: Shadow Step, Shadow Form, Renounce Religion, Evoke Teleport Control


You were on level 10 of the Dungeon.
You worshipped Dithmenos.
Dithmenos was extremely pleased with you.
You were not hungry.

You visited 2 branches of the dungeon, and saw 11 of its levels.

You collected 546 gold pieces.

Inventory:

Hand weapons
 o - a +4 dagger of venom (weapon)
Armour
 b - a +1 hat (worn)
 D - a cursed -1 robe (worn)
 G - a +1 robe of magic resistance
 L - a +0 cloak (worn)
Jewellery
 g - a ring of teleport control (right hand)
 n - an uncursed ring of protection from cold
 q - an uncursed ring of protection from fire
 t - an amulet of faith (around neck)
Magical devices
 y - a wand of slowing (26)
 C - a wand of lightning (0)
 E - a wand of confusion (35)
 H - a wand of draining (0)
 M - a wand of magic darts (35)
Scrolls
 a - 4 scrolls of recharging
 f - a scroll of silence {unknown}
 m - 3 scrolls of teleportation
 p - 7 scrolls of identify
 s - a scroll of fear
 w - 2 scrolls of magic mapping
 K - a scroll of vulnerability {unknown}
 O - a scroll of summoning {unknown}
Potions
 e - 3 potions of flight
 h - 3 potions of curing
 i - a potion of poison {unknown}
 j - 2 potions of mutation {!q}
 l - 3 potions of might {unknown}
 r - a potion of cure mutation {unknown}
 u - a potion of invisibility
 x - a potion of resistance {unknown}
 z - a potion of magic {unknown}
 A - a potion of restore abilities {unknown}
 B - 2 potions of brilliance {unknown}
 F - a potion of degeneration {unknown}
 I - a potion of cancellation {unknown}
Books
 c - a book of Maledictions

   Spells                             Type                      Level
   a - Corona                         Hexes                        1
   b - Sure Blade                     Hexes/Charms                 2
   c - Ensorcelled Hibernation        Hexes/Ice                    2
   d - Confuse                        Hexes                        3
   e - Dazzling Spray                 Conjuration/Hexes            3
   f - Enslavement                    Hexes                        4
Comestibles
 d - 6 bread rations
 k - 17 fruits
 v - a royal jelly
 N - 2 slices of pizza


   Skills:
 * Level 6.6 Fighting
 - Level 3.1 Short Blades
 + Level 12.4 Dodging
 + Level 13.3 Stealth
 - Level 5.6 Spellcasting
 - Level 11.0 Hexes
 - Level 3.1 Ice Magic


You had 8 spell levels left.
You knew the following spells:

 Your Spells              Type           Power        Failure   Level  Hunger
a - Corona                Hex            #####..      1%          1    None
b - Confuse               Hex            #####...     1%          3    ##.....
c - Ensorcelled Hibernat  Hex/Ice        ####..       1%          2    None
d - Enslavement           Hex            #####...     1%          4    ####...
e - Dazzling Spray        Conj/Hex       ####....     4%          3    ##.....


Dungeon Overview and Level Annotations

Branches:
Dungeon (10/15)            Temple (1/1) D:5
   Lair: D:8-11         Orc: D:9-12

Altars:
Ashenzari
Cheibriados
Dithmenos
Elyvilon
Fedhas
Gozag
Kikubaaqudgha
Makhleb
Nemelex Xobeh
Okawaru
Qazlal
Ru
Sif Muna
Trog
Vehumet
Xom
Yredelemnul
Zin
The Shining One

Annotations:
D:3 Sigmund
D:8 Charly's ghost, experienced MfSk


Innate Abilities, Weirdness & Mutations

You are tiny and cannot use many weapons and most armour.
You have supernaturally acute eyesight.
You are a herbivore.
You cover ground extremely quickly.
You need consume almost no food.


Message History

The poisoned tomahawk hits you.
You are poisoned.
You see here a poisoned tomahawk.
You feel sick.
Found a deep blue altar of Sif Muna.
Casting: Ensorcelled Hibernation
Confirm with . or Enter, or press ? or * to list all spells.
Aiming: Ensorcelled Hibernation
Press: ? - help, Shift-Dir - straight line, f - orc warrior
Aim: an orc warrior, wielding a long sword of slicing and wearing a chain mail (umbra, chance 62%)
The orc warrior resists with significant effort.
You feel sick.
The orc wizard gestures wildly while chanting.
The orc wizard blinks!
The orc warrior hits you with a long sword of slicing!!
* * * LOW HITPOINT WARNING * * *
x2 You closely miss the orc warrior.
The hobgoblin closely misses you.
The orc warrior hits you with a long sword of slicing!!
* * * LOW HITPOINT WARNING * * *
You die...

##..#....##
#####. #...##
#..###....##
###..##
..####.....## ##
##..##
.####.......#
#≈≈≈ ##..## #
####..###...##
≈≈≈≈≈ ##..###
.##..###.....###
≈≈≈... ##....
....##
#..###..###≈≈≈##
##... #####
#..##
#(.8.8.8##..#
#..# #..#
#..g@oo.'oo._
##.## ...#
#..8.8.8##..#
#..# ...
#...###≈≈≈##
##..# .# #..(..
≈≈≈... #...#
...##.. ≈≈≈≈≈
###.## .## #..#
#≈≈≈ #..# #..#
## ### ##... #.#
###.# ##...# .
##..####..###


You could see an orc warrior, 3 orc wizards and a hobgoblin.

Vanquished Creatures
  2 hill giants (D:10)
  An unseen horror (D:10)
  The ghost of HollowCharge the Slasher, an experienced DsGl of Ashenzari (D:6)
  A trapdoor spider (D:10)
  A spriggan (D:7)
  A shadow (D:10)
  A deep elf mage (D:10)
  9 yaks
  2 hungry ghosts
  Edmund (D:4)
  A hippogriff (D:9)
  An orc warrior (D:9)
  2 water moccasins
  8 spiders (D:9)
  3 sky beasts
  A yellow wasp (D:9)
  An ice beast (D:7)
  A black bear (D:4)
  2 necrophages (D:6)
  8 ogres
  A crocodile (D:7)
  3 phantoms
  3 centaurs
  Duvessa (D:6)
  7 giant frogs
  2 big kobolds
  Blork the orc (D:6)
  A gnoll sergeant (D:6)
  A wyvern zombie (D:9)
  14 killer bees
  Dowan (D:6)
  4 crimson imps
  3 goliath beetles
  2 giant frog zombies
  5 gnoll shamans (D:6)
  8 orc priests
  5 jellies
  A centaur skeleton (D:8)
  4 iguanas
  5 hounds
  A giant frog skeleton (D:4)
  5 worker ants
  Natasha (thrice) (D:4)
  6 orc wizards
  A killer bee zombie (D:6)
  Ijyb (D:4)
  A hound skeleton (D:5)
  3 hound zombies
  Terence (D:2)
  A mummy (D:8)
  26 gnolls (D:6)
  13 adders
  2 giant mites
  A worm (D:3)
  6 giant geckos
  2 oozes (D:2)
  20 orcs
  10 bats
  2 bat skeletons
  A bat zombie (D:5)
  12 hobgoblins
  32 jackals
  20 kobolds
  9 quokkas
  3 giant cockroaches
  A giant gecko zombie (D:6)
  2 giant newts
  2 giant spores (D:8)
  15 goblins
  A jackal skeleton (D:5)
  24 rats
  21 ballistomycetes
368 creatures vanquished.

Vanquished Creatures (others)
  A gargoyle (D:10)
  A worker ant (D:9)
  A mummy (D:9)
  3 giant spores
  A ballistomycete (D:8)
7 creatures vanquished.

Grand Total: 375 creatures vanquished

Notes
Turn   | Place    | Note
--------------------------------------------------------------
     0 | D:1      | Grim, the Spriggan Enchanter, began the quest for the Orb.
     0 | D:1      | Reached XP level 1. HP: 9/9 MP: 4/4
   378 | D:1      | Reached XP level 2. HP: 13/13 MP: 5/7
  1221 | D:2      | Reached XP level 3. HP: 4/16 MP: 7/9
  1456 | D:2      | Found a stormy altar of Qazlal.
  1511 | D:2      | Noticed Terence
  1550 | D:2      | Found an iron altar of Okawaru.
  1707 | D:2      | Found a glowing silver altar of Zin.
  1893 | D:2      | Killed Terence
  1893 | D:2      | Reached skill level 5 in Hexes
  1893 | D:2      | Reached XP level 4. HP: 14/21 MP: 12/12
  2504 | D:3      | Found a shattered altar of Ashenzari.
  2597 | D:3      | Learned a level 3 spell: Confuse
  2625 | D:3      | Noticed Sigmund
  3007 | D:3      | Found a sacrificial altar of Ru.
  3177 | D:4      | Noticed Natasha
  3218 | D:4      | Killed Natasha
  3218 | D:4      | Reached skill level 6 in Hexes
  3218 | D:4      | Reached XP level 5. HP: 9/24 MP: 14/14
  3555 | D:4      | Noticed Natasha
  3562 | D:4      | Killed Natasha
  3662 | D:4      | Noticed Edmund
  3666 | D:4      | Noticed an ogre
  3677 | D:4      | HP: 1/24 [Edmund/flail of crushing (1)]
  4081 | D:4      | Killed Edmund
  4081 | D:4      | Reached skill level 7 in Hexes
  4081 | D:4      | Reached XP level 6. HP: 28/28 MP: 14/17
  4086 | D:4      | Killed an ogre
  4086 | D:4      | Reached skill level 8 in Hexes
  4229 | D:4      | Learned a level 2 spell: Ensorcelled Hibernation
  4253 | D:4      | Noticed Natasha
  4264 | D:4      | Killed Natasha
  4282 | D:4      | Noticed Ijyb
  4296 | D:4      | Killed Ijyb
  4396 | D:4      | Noticed a black bear
  4408 | D:4      | Killed a black bear
  4526 | D:4      | Noticed a hungry ghost
  4555 | D:4      | Killed a hungry ghost
  4555 | D:4      | Reached skill level 9 in Hexes
  4555 | D:4      | Reached XP level 7. HP: 26/32 MP: 12/19
  4631 | D:4      | Noticed a phantom
  4652 | D:4      | Killed a phantom
  4803 | D:4      | Reached skill level 10 in Hexes
  4901 | D:5      | Entered Level 5 of the Dungeon
  5022 | D:5      | Reached skill level 1 in Ice Magic
  5065 | D:5      | Found a staircase to the Ecumenical Temple.
  5129 | D:5      | Reached XP level 8. HP: 36/36 MP: 14/20
  5175 | D:5      | Reached skill level 5 in Stealth
  5549 | D:5      | Got a dazzling war axe
  5550 | D:5      | Identified the +2 war axe of Indomitability {chop, +Blink +Rage SInv Stlth--} (You found it on level 5 of the Dungeon)
  5694 | D:5      | Found a radiant altar of Vehumet.
  5998 | Temple   | Entered the Ecumenical Temple
  6044 | Temple   | Became a worshipper of Dithmenos the Shadowed
  6210 | D:6      | Noticed Duvessa
  6213 | D:6      | Noticed Dowan
  6218 | D:6      | Killed Duvessa
  6220 | D:6      | Killed Dowan
  6220 | D:6      | Reached skill level 5 in Dodging
  6274 | D:6      | Noticed HollowCharge's ghost (experienced DsGl)
  6318 | D:6      | Killed HollowCharge's ghost
  6487 | D:6      | Found a shadowy altar of Dithmenos.
  6908 | D:6      | Reached XP level 9. HP: 31/31 MP: 22/22
  7410 | D:6      | Noticed Blork the orc
  7446 | D:6      | Killed Blork the orc
  7615 | D:6      | You fall through a shaft!
  8006 | D:6      | Acquired Dithmenos' first power
  8551 | D:6      | Reached skill level 5 in Spellcasting
  8719 | D:6      | Reached skill level 10 in Stealth
  9205 | D:7      | Acquired Dithmenos' second power
  9708 | D:7      | Found a bloodstained altar of Trog.
 10200 | D:7      | Reached skill level 10 in Dodging
 10200 | D:7      | Reached skill level 11 in Stealth
 10200 | D:7      | Reached XP level 10. HP: 31/36 MP: 20/27
 10380 | D:8      | Reached skill level 1 in Fighting
 10389 | D:8      | Acquired Dithmenos' third power
 10966 | D:8      | Noticed Charly's ghost (experienced MfSk)
 11759 | D:8      | Found a burning altar of Makhleb.
 11766 | D:8      | Noticed a green death
 13192 | D:9      | Reached skill level 12 in Stealth
 13352 | D:10     | Entered Level 10 of the Dungeon
 13420 | D:9      | Reached skill level 5 in Fighting
 13739 | D:10     | Reached XP level 11. HP: 48/48 MP: 28/28
 13744 | D:10     | Noticed an unseen horror
 14072 | D:10     | Killed an unseen horror
 14197 | D:10     | Noticed a hill giant
 14204 | D:10     | Killed a hill giant
 14219 | D:10     | Noticed a hill giant
 14221 | D:10     | Reached skill level 13 in Stealth
 14227 | D:10     | Killed a hill giant
 14851 | D:10     | Learned a level 4 spell: Enslavement
 14855 | D:10     | Learned a level 3 spell: Dazzling Spray
 15627 | D:10     | Acquired Dithmenos' fourth power
 15768 | D:10     | Found a deep blue altar of Sif Muna.
 15770 | D:10     | HP: 1/50 [orc warrior/long sword of slicing (21)]
 15770 | D:10     | Slain by an orc warrior

Action                   |  1- 3 |  4- 6 |  7- 9 | 10-12 || total
-------------------------+-------+-------+-------+-------++-------
Melee: Dagger            |   128 |   138 |   557 |   581 ||  1404
       War axe           |       |       |     6 |       ||     6
Throw: Throwing net      |       |       |       |     2 ||     2
 Cast: Corona            |    21 |     1 |       |       ||    22
       Confuse           |       |    14 |    13 |    19 ||    46
       Ensorcelled Hiber |       |     3 |    55 |    74 ||   132
       Dazzling Spray    |       |       |       |     8 ||     8
Evoke: Wand              |       |       |       |     2 ||     2
  Use: Scroll            |     6 |     6 |     4 |     3 ||    19
       Potion            |       |       |     3 |     2 ||     5
 Stab: Sleeping          |     3 |     5 |    51 |    78 ||   137
       Distracted        |     1 |       |       |       ||     1
       Confused          |       |     5 |    14 |     9 ||    28
  Eat: Bread ration      |       |     1 |     1 |     2 ||     4
       Royal jelly       |       |       |     1 |       ||     1
